 Dungeon Crawl Stone Soup version 0.27.1-2-g3b301248ec (webtiles) character file.

Game seed: 18311928982721284730

69875 CuBeRJAN3 the Eclecticist (level 14, -3/87 HPs)
             Began as a Deep Elf Fire Elementalist on Oct 5, 2021.
             Was a Priest of Qazlal.
             Killed from afar by a blizzard demon (38 damage)
             ... with a bolt of cold
             ... on level 15 of the Dungeon.
             The game lasted 02:52:08 (28576 turns).

CuBeRJAN3 the Eclecticist (DEFE)                   Turns: 28576, Time: 02:52:09

Health: -3/87      AC: 14    Str:  5    XL:     14   Next: 92%
Magic:  38/45      EV: 13    Int: 26    God:    Qazlal [***...]
Gold:   1522       SH:  4    Dex: 15    Spells: 4/46 levels left

rFire    + . .     SeeInvis .   G - staff of conjuration
rCold    . . .     Faith    .   (no shield)
rNeg     . . .     Spirit   .   r - +2 robe {rC+}
rPois    .         Reflect  .   y - +1 helmet
rElec    .         Harm     .   k - +1 cloak
rCorr    .         Rampage  .   v - +2 pair of gloves {Stlth+}
Will     +....                  p - +2 pair of boots
Stlth    +++.......             w - amulet of magic regeneration
HPRegen  0.24/turn              X - ring of fire
MPRegen  0.54/turn              F - ring of magical power

@: no status effects
A: no striking features
a: Renounce Religion, Upheaval, Elemental Force


You were on level 15 of the Dungeon.
You worshipped Qazlal.
Qazlal was most pleased with you.
You visited 4 branches of the dungeon, and saw 24 of its levels.
You also visited: Sewer.

You collected 2142 gold pieces.
You spent 620 gold pieces at shops.

Inventory:

Armour
 a - a +2 robe
 k - a +1 cloak (worn)
 p - a +2 pair of boots (worn)
 r - a +2 robe of cold resistance (worn)
 v - a +2 pair of gloves of stealth (worn)
 y - a +1 helmet (worn)
 O - a scarf of shadows
 W - a +0 troll leather armour
Magical Staves
 G - a staff of conjuration (weapon)
Jewellery
 e - a ring of poison resistance
 s - the ring "Qoisker" {Fly rPois rCorr MP-9 Dex+6}
   (You found it on level 6 of the Dungeon)

   [ring of resist corrosion]

   Dex:       It affects your dexterity (+6).
   rPois:     It protects you from poison.
   MP:        It affects your magic capacity (-9).
   Fly:       It grants you flight.
   rCorr:     It protects you from acid and corrosion.
 w - an amulet of magic regeneration (around neck)
 x - a +4 ring of evasion
 F - a ring of magical power (right hand)
 X - a ring of fire (left hand)
Wands
 f - a wand of charming (4)
 o - a wand of acid (24)
 q - a wand of flame (54)
 U - a wand of paralysis (3)
 Y - a wand of iceblast (11)
Scrolls
 b - 7 scrolls of identify
 d - 2 scrolls of enchant armour
 h - 7 scrolls of fear
 t - a scroll of brand weapon
 z - 3 scrolls of amnesia
 A - 3 scrolls of vulnerability
 B - 4 scrolls of fog
 D - 3 scrolls of enchant weapon
 H - a scroll of acquirement {unknown}
 M - 2 scrolls of summoning
 N - a scroll of blinking
 Q - 5 scrolls of teleportation
 R - 3 scrolls of immolation
Potions
 c - a potion of might {unknown}
 g - 3 potions of brilliance
 i - 9 potions of curing
 l - 10 potions of haste
 m - 5 potions of heal wounds
 n - 6 potions of attraction
 u - 2 potions of resistance
 C - 2 potions of flight
 I - 3 potions of invisibility {unknown}
 K - 2 potions of mutation {unknown}
 S - 2 potions of lignification {unknown}
Miscellaneous
 L - a phantom mirror


   Skills:
 * Level 9.7 Fighting
 + Level 5.1 Staves
 - Level 3.1 Dodging
 - Level 7.1 Stealth
 + Level 16.8 Spellcasting
 + Level 10.7 Conjurations
 + Level 11.0 Hexes
 + Level 7.7 Translocations
 + Level 11.2 Fire Magic
 * Level 7.3 Evocations


You had 4 spell levels left.
You knew the following spells:

 Your Spells              Type           Power      Damage    Failure   Level
a - Foxfire               Conj/Fire      100%       2x1d9     1%          1
b - Conjure Flame         Conj/Fire      100%       6-21      1%          3
c - Inner Flame           Hex/Fire       88%        N/A       1%          3
d - Slow                  Hex            68%        N/A       1%          2
e - Sticky Flame          Conj/Fire      100%       2d11      1%          4
f - Fireball              Conj/Fire      54%        3d21      1%          5
g - Fulminant Prism       Conj/Hex       43%        3d20      1%          4
h - Iskenderun's Mystic   Conj/Tloc      81%        2d16      1%          4
i - Passage of Golubria   Tloc           N/A        N/A       1%          4
j - Starburst             Conj/Fire      54%        6d15      3%          6
k - Dazzling Flash        Conj/Hex       100%       N/A       1%          3
l - Tukima's Dance        Hex            68%        N/A       1%          3

Your spell library contained the following spells:

 Spells                   Type           Power      Damage    Failure   Level
 Corona                   Hex            75%        N/A       1%          1
 Ensorcelled Hibernation  Hex/Ice        100%       N/A       1%          2
 Confusing Touch          Hex            68%        N/A       1%          3
 Portal Projectile        Hex/Tloc       100%       N/A       1%          3
 Summon Guardian Golem    Hex/Summ       50%        N/A       1%          3
 Summon Small Mammal      Summ           84%        N/A       2%          1
 Leda's Liquefaction      Hex/Erth       25%        N/A       2%          4
 Passwall                 Tmut/Erth      17%        N/A       3%          2
 Sublimation of Blood     Necr           10%        N/A       3%          2
 Wereblood                Tmut           21%        N/A       3%          2
 Call Canine Familiar     Summ           21%        N/A       7%          3
 Swiftness                Air            21%        N/A       7%          3
 Petrify                  Tmut/Erth      21%        N/A       22%         4
 Iskenderun's Battlesphe  Conj           86%        2d13      1%          5
 Invisibility             Hex            34%        N/A       3%          6
 Metabolic Englaciation   Hex/Ice        25%        N/A       7%          5
 Silence                  Hex/Air        25%        N/A       7%          5
 Yara's Violent Unravell  Hex/Tmut       25%        3d11      7%          5
 Freezing Cloud           Conj/Ice/Air   28%        6-21      14%         5
 Orb of Destruction       Conj           43%        9d14      24%         7
 Conjure Ball Lightning   Conj/Air       32%        3x3d10    36%         6
 Lee's Rapid Deconstruct  Erth           10%        3d9*      54%         5
 Simulacrum               Ice/Necr       10%        N/A       98%         6
 Statue Form              Tmut/Erth      14%        N/A       98%         6
 Summon Hydra             Summ           10%        N/A       100%        7
 Lehudib's Crystal Spear  Conj/Erth      32%        10d8      100%        8
 Polar Vortex             Ice            10%        N/A       100%        9


Dungeon Overview and Level Annotations

Branches:
Dungeon (15/15)            Temple (1/1) D:6            Lair (6/6) D:9
 Shoals (0/4) Lair:2        Snake (0/4) Lair:2        Slime (0/5) Lair:6
    Orc (2/2) D:9             Elf (0/3) Orc:2        Vaults (0/5) D:14
  Sewer (visited)
 Depths: D:15

Altars:
Ashenzari
Cheibriados
Dithmenos
Elyvilon
Fedhas
Gozag
Hepliaklqana
Kikubaaqudgha
Makhleb
Nemelex Xobeh
Okawaru
Qazlal
Ru
Sif Muna
Trog
Uskayaw
Vehumet
Wu Jian
Xom
Yredelemnul
Zin
The Shining One
Jiyva

Shops:
D:5 !   D:11 =   Orc:2 [:(*

Annotations:
D:2 Natasha
D:14 1 runed translucent door, exclusion: orange crystal statue
Lair:6 1 runed translucent door


Message History

Your fulminant prism crackles loudly.
Your fulminant prism explodes!
Qazlal accepts your kill.
You feel a bit more experienced.
Casting: Fulminant Prism (safe; 1% risk of failure)
Confirm with . or Enter, or press ? or * to list all spells.
Aiming: Fulminant Prism (safe; 1% risk of failure)
Press: ? - help, Dir - move target You feel a surge of power!
You conjure a prism of explosive energy!
A fulminant prism comes into view.
Your fulminant prism crackles loudly.
Your fulminant prism explodes!
You hear a shout! x2
Unknown command.
You start resting.
A blizzard demon comes into view.
Press: ? - help, v - describe, . - travel
Here: a blizzard demon The floor.
Casting: Fulminant Prism (safe; 1% risk of failure)
Confirm with . or Enter, or press ? or * to list all spells.
You can't see any susceptible monsters within range! (Use Z to cast anyway.)
The tengu warrior shoots a bolt.
The bolt misses you.
Casting: Fulminant Prism (safe; 1% risk of failure)
Confirm with . or Enter, or press ? or * to list all spells.
Aiming: Fireball (dangerous; 1% risk of failure)
Press: ? - help, Shift-Dir - straight line
Okay, then.
Casting: Fireball (dangerous; 1% risk of failure)
Confirm with . or Enter, or press ? or * to list all spells.
Aiming: Fireball (dangerous; 1% risk of failure)
Press: ? - help, Shift-Dir - straight line You feel a strong surge of power!
The fireball explodes!
The fireball engulfs the tengu warrior!!!
You kill the tengu warrior!
Qazlal accepts your kill. The blizzard demon gestures at you.
The bolt of cold hits you!!!
You die...

.........# .........#
##........#
#######.........# #
####........2......#
######..................#
........................#
................§.......#
................@.......#
.†.............☼........#
###############........##
## #........# .#
#........# .# #.
#........# .# #.
##.)......# .# #.
.##........# .#
#.##+##.##........#


You could see a blizzard demon.

Vanquished Creatures
  An orc warlord (Orc:2)
  A catoblepas (D:13)
  6 hydras
  2 boulder beetles
  2 vault guards (D:14)
  3 centaur warriors
  A two-headed ogre (D:11)
  A death knight (D:15)
  2 tengu warriors (D:15)
  Urug (Orc:2)
  A fire crab (Lair:5)
  2 wizards
  6 orc knights
  A phantasmal warrior (D:15)
  Pikel (D:5)
  A deep elf pyromancer (D:14)
  5 orc sorcerers
  12 ugly things
  2 cyclopes
  A manticore (D:13)
  2 black mambas (Lair:6)
  25 elephants
  3 centaur zombies
  11 cane toads
  A torpor snail (Lair:6)
  Maggie (D:7)
  2 rime drakes
  An unseen horror (D:13)
  3 kobold demonologists
  11 komodo dragons
  A freezing wraith (D:15)
  4 trolls
  Prince Ribbit (D:5)
  A merfolk (shapeshifter) (D:13)
  A hornet (D:10)
  9 slime creatures
  9 blink frogs
  A meliai zombie (D:10)
  7 dream sheep (Lair:3)
  A shadow (D:9)
  39 yaks
  A wraith (D:12)
  2 basilisks
  A steam dragon (Lair:4)
  9 humans (D:14)
  4 wargs
  14 water moccasins
  Duvessa (D:7)
  Purgy (D:3)
  34 orc warriors
  3 black bears
  2 ice beasts
  7 ogres
  12 centaurs
  9 wolves
  A lemure (D:5)
  2 phantoms
  Blork the orc (D:5)
  A kobold brigand (D:11)
  13 bullfrogs
  4 scorpions
  Dowan (D:7)
  4 earth elementals (D:9)
  A wyvern zombie (D:9)
  A hornet simulacrum (D:14)
  4 killer bees (D:8)
  6 electric eels
  13 orc priests
  2 bullfrog skeletons
  4 hounds (D:4)
  A gnoll shaman (Orc:1)
  2 centaur skeletons
  7 hell rats (Lair:5)
  3 iguanas
  16 orc wizards
  A killer bee zombie (D:8)
  A hound zombie (D:5)
  A howler monkey zombie (D:10)
  7 gnolls
  A howler monkey skeleton (D:7)
  8 adders
  2 white imps (D:6)
  An adder skeleton (D:4)
  A worm (D:3)
  3 dart slugs
  68 orcs
  2 endoplasms
  8 giant cockroaches
  6 goblins
  5 hobgoblins
  2 jackals (D:1)
  4 kobolds
  3 quokkas
  6 ball pythons
  4 bats
  6 frilled lizards
  2 rats
  3 foxfires
518 creatures vanquished.

Vanquished Creatures (collateral kills)
  A foxfire (Lair:1)
1 creature vanquished.

Vanquished Creatures (others)
  A human (D:14)
  690 foxfires
  107 fulminant prisms
  58 fungi
  36 plants
892 creatures vanquished.

Grand Total: 1411 creatures vanquished

Notes
Turn   | Place    | Note
-------+----------+-------------------------------------------
     0 | D:1      | CuBeRJAN3 the Deep Elf Fire Elementalist began the quest
                  | for the Orb.
     0 | D:1      | Reached XP level 1. HP: 10/10 MP: 6/6
   266 | D:1      | Reached XP level 2. HP: 11/15 MP: 2/8
  1017 | D:2      | Reached XP level 3. HP: 15/20 MP: 6/10
  1094 | D:2      | Learned a level 3 spell: Conjure Flame
  1098 | D:2      | Learned a level 3 spell: Inner Flame
  1124 | D:2      | Learned a level 2 spell: Slow
  1655 | D:2      | Noticed Natasha
  1717 | D:3      | Reached skill level 4 in Spellcasting
  1916 | D:3      | Reached XP level 4. HP: 24/24 MP: 7/12
  1985 | D:3      | Noticed Purgy
  1999 | D:3      | Killed Purgy
  2000 | D:3      | Reached skill level 1 in Fighting
  2000 | D:3      | Reached skill level 1 in Hexes
  2000 | D:3      | Reached XP level 5. HP: 29/29 MP: 5/14
  2211 | D:3      | Found a glowing drain.
  2225 | Sewer    | Entered a sewer
  2242 | Sewer    | Noticed a water moccasin
  2257 | Sewer    | Reached skill level 5 in Spellcasting
  2708 | D:4      | Learned a level 4 spell: Sticky Flame
  2738 | D:4      | Noticed a black bear
  2744 | D:4      | Killed a black bear
  2744 | D:4      | Noticed a black bear
  2745 | D:4      | Reached XP level 6. HP: 34/34 MP: 9/16
  3466 | D:4      | Reached skill level 6 in Spellcasting
  3470 | D:4      | Reached XP level 7. HP: 21/39 MP: 10/18
  4255 | D:4      | Learned a level 5 spell: Fireball
  4312 | D:5      | Entered Level 5 of the Dungeon
  4354 | D:5      | Noticed Blork the orc
  4354 | D:5      | Found Othrak's Distillery.
  4358 | D:5      | Killed Blork the orc
  5030 | D:4      | Reached skill level 5 in Fire Magic
  5188 | D:5      | Reached skill level 7 in Spellcasting
  5349 | D:5      | Found a white marble altar of Elyvilon.
  5550 | D:5      | Reached skill level 5 in Stealth
  5593 | D:5      | Reached XP level 8. HP: 26/45 MP: 14/21
  5789 | D:5      | Bought a potion of heal wounds for 75 gold pieces
  5789 | D:5      | Bought a potion of heal wounds for 75 gold pieces
  5789 | D:5      | Bought a potion of curing for 45 gold pieces
  5827 | D:5      | Noticed Prince Ribbit
  6285 | D:5      | Killed Prince Ribbit
  6358 | D:5      | Noticed Pikel
  6388 | D:5      | Killed Pikel
  6389 | D:5      | Reached skill level 8 in Spellcasting
  6876 | D:6      | Reached skill level 9 in Spellcasting
  6876 | D:6      | Reached skill level 5 in Conjurations
  6876 | D:6      | Reached XP level 9. HP: 51/51 MP: 9/24
  6961 | D:6      | Identified the ring "Qoisker" {Fly rPois rCorr MP-9 Dex+6}
  7035 | D:6      | Identified the +5 flail "Heraulao" {venom, rF+}
  7504 | D:6      | Found a staircase to the Ecumenical Temple.
  7519 | Temple   | Entered the Ecumenical Temple
  7525 | Temple   | Learned a level 4 spell: Fulminant Prism
  7530 | Temple   | Learned a level 4 spell: Iskenderun's Mystic Blast
  8258 | D:7      | Found a sacrificial altar of Ru.
  8624 | D:7      | Noticed Dowan
  8644 | D:7      | Reached skill level 5 in Hexes
  8756 | D:7      | Noticed Duvessa
  8777 | D:7      | Killed Duvessa
  8778 | D:7      | Reached skill level 10 in Spellcasting
  8801 | D:7      | Killed Dowan
  9067 | D:7      | Noticed Maggie
  9111 | D:7      | Killed Maggie
  9510 | D:8      | Noticed a four-headed hydra
 10301 | D:8      | HP: 2/52 [centaur/arrow (7)]
 11076 | D:9      | Reached XP level 10. HP: 58/58 MP: 25/26
 11131 | D:9      | Reached skill level 11 in Spellcasting
 11862 | D:9      | Found a staircase to the Orcish Mines.
 11942 | Orc:1    | Entered Level 1 of the Orcish Mines
 12052 | D:9      | Found a staircase to the Lair.
 12375 | Orc:1    | Reached skill level 5 in Fighting
 12840 | Lair:1   | Entered Level 1 of the Lair of Beasts
 12960 | Lair:1   | Noticed a cane toad
 12978 | Lair:1   | Killed a cane toad
 13070 | Lair:1   | Reached skill level 12 in Spellcasting
 13325 | Lair:2   | Found a staircase to the Snake Pit.
 13325 | Lair:2   | Noticed a cane toad
 13326 | Lair:2   | Found a staircase to the Shoals.
 13332 | Lair:2   | Killed a cane toad
 13485 | Lair:2   | Noticed a cane toad
 13493 | Lair:2   | Killed a cane toad
 13494 | Lair:2   | Reached XP level 11. HP: 64/64 MP: 21/29
 13931 | Lair:2   | Reached skill level 1 in Translocations
 14056 | Lair:3   | Identified the +7 flail "Mivuke" {elec, *Slow Str+4 Int+3}
 14066 | Lair:3   | Reached skill level 1 in Staves
 14066 | Lair:3   | Reached skill level 13 in Spellcasting
 15124 | Lair:3   | Reached skill level 1 in Evocations
 15286 | Lair:3   | Reached skill level 14 in Spellcasting
 15286 | Lair:3   | Reached XP level 12. HP: 48/71 MP: 27/32
 15415 | Lair:3   | Learned a level 4 spell: Passage of Golubria
 15433 | Lair:3   | Learned a level 6 spell: Starburst
 15437 | Lair:3   | Learned a level 3 spell: Dazzling Flash
 15496 | Lair:3   | You fall into a shaft and drop 1 floor!
 15499 | Lair:4   | Noticed a four-headed hydra
 15583 | Lair:4   | Noticed a five-headed hydra
 15827 | Lair:3   | You fall into a shaft and drop 1 floor!
 16402 | Lair:4   | Killed a five-headed hydra
 16448 | Lair:4   | Killed a four-headed hydra
 18045 | Lair:6   | Entered Level 6 of the Lair of Beasts
 18046 | Lair:6   | Noticed a five-headed hydra
 18053 | Lair:6   | Killed a five-headed hydra
 18054 | Lair:6   | Reached skill level 15 in Spellcasting
 18054 | Lair:6   | Reached skill level 5 in Translocations
 18118 | Lair:6   | Noticed a five-headed hydra
 18125 | Lair:5   | Killed a five-headed hydra
 18153 | Lair:5   | Reached skill level 10 in Fire Magic
 18210 | Lair:5   | Reached XP level 13. HP: 74/76 MP: 11/34
 18767 | Lair:6   | Found a runed translucent door.
 18768 | Lair:6   | Found a viscous altar of Jiyva.
 18935 | Lair:6   | Reached skill level 5 in Evocations
 19156 | Lair:6   | Noticed a dire elephant
 19156 | Lair:6   | Noticed a dire elephant
 19289 | Lair:6   | Found a staircase to the Slime Pits.
 19853 | Orc:1    | Found a burning altar of Makhleb.
 20110 | Temple   | Became a worshipper of Qazlal Stormbringer
 20406 | Orc:2    | Entered Level 2 of the Orcish Mines
 20471 | Orc:2    | Noticed Urug
 20478 | Orc:2    | Killed Urug
 20741 | Orc:1    | Reached skill level 16 in Spellcasting
 20822 | Orc:2    | Reached skill level 10 in Conjurations
 21233 | Orc:2    | Reached * piety under Qazlal
 21337 | Orc:2    | Noticed an orc warlord
 21360 | Orc:2    | Killed an orc warlord
 21363 | Orc:2    | Reached skill level 10 in Hexes
 21488 | Orc:2    | Found Hotzit's Antique Armour Shoppe.
 21629 | Orc:2    | Reached XP level 14. HP: 84/84 MP: 35/36
 21809 | Orc:2    | Found Upamoata's Antique Weapon Shoppe.
 21830 | Orc:2    | Found Xuss's General Store.
 21880 | Orc:2    | Found a staircase to the Elven Halls.
 22046 | Orc:2    | Found Lotuid's Book Boutique.
 22488 | D:9      | Found a radiant altar of Vehumet.
 22539 | D:9      | Found an ornate altar of the Wu Jian Council.
 22539 | D:9      | Found a bloodstained altar of Trog.
 22743 | D:9      | Learned a level 3 spell: Tukima's Dance
 22926 | D:10     | Entered Level 10 of the Dungeon
 23236 | D:10     | Found a sparkling altar of Nemelex Xobeh.
 24501 | D:11     | Reached ** piety under Qazlal
 24675 | D:11     | Found Zeojoir's Jewellery Shop.
 24680 | D:11     | Bought a ring of fire for 425 gold pieces
 24803 | D:12     | Found an ancient bone altar of Kikubaaqudgha.
 25383 | D:12     | Found the +8 frozen axe "Frostbite" {freezing cloud, *Noise
                  | Fly rC+}
 27548 | D:14     | Found a runed translucent door.
 27793 | D:14     | Reached *** piety under Qazlal
 27846 | D:14     | Reached skill level 5 in Staves
 27936 | D:14     | Found a gate to the Vaults.
 28164 | D:15     | Entered Level 15 of the Dungeon
 28576 | D:15     | Killed from afar by a blizzard demon

Illustrated notes

Levels and vault maps discovered:
D:1:      tarquinn_simple_flora_water_a, layout_loops_ring
D:2:      layout_basic, shapermc_ecumenical_altar_mp_vishouse,
          kennysheep_generic_room_8, uniq_crazy_yiuf_cottage, uniq_natasha
D:3:      layout_rooms, gup_sewer_entry_pipe, uniq_purgy
D:4:      layout_basic, chequers_serial_rivers_micro_c
D:5:      layout_loops_ring, elyvilon_altar_5, serial_shops,
          nicolae_stop_n_shop_2, minmay_misc_feat_rugged, uniq_blork_the_orc,
          uniq_prince_ribbit1, uniq_pikel
D:6:      mumra_celtic_spiral_tile, layout_loops_ring,
          minmay_temple_entry_offerings
D:7:      layout_loops_ring, hangedman_ru_absence,
          hangedman_decor_diamond_cutter, hangedman_decor_peaks_small,
          uniq_maggie, uniq_duvessa
D:8:      layout_loops_ring, mrwooster_statue_mirror
D:9:      layout_stronghold, vehumet_altar_wand_db,
          gammafunk_temple_overflow_wave, erik_lair_orcish_takeover, erik_orc_2
D:10:     minmay_stone_box, layout_stronghold, mainiacjoe_overflow_tiny_flanked,
          grunt_ministairs_13
D:11:     layout_rooms, serial_shops, shop
D:12:     minmay_weird_star, layout_irregular_city,
          nicolae_kikubaaqudgha_miasma_corner
D:13:     layout_big_octagon, chequers_serial_rivers_large_a
D:14:     layout_rooms, ximxim_vaults_locker_room, kennysheep_doodads,
          minmay_crystal_box
D:15:     grunt_enter_depths_snipers, layout_basic, serial_shops, shop,
          dk_noncrumbling_2, hellmonk_guarded_unrand_frostbite
Temple:   lightli_temple_of_artemis
Lair:1:   lemuel_reptile_caves, layout_loops_ring, gauntlet_entry_generic
Lair:2:   layout_misc_corridors, shoals_dummy_entry, dummy_snake_entry
Lair:3:   layout_gridlike
Lair:4:   layout_small_grid
Lair:5:   layout_cellular_growth, lemuel_fruit_fields, grunt_megastairs_2
Lair:6:   due_jungle_book, layout_cave_shapes, slime_altar_2
Orc:1:    layout_caves, basic_altar
Orc:2:    grunt_orc_gardens, layout_diamond_mine, grunt_orc_garden,
          grunt_orc_garden, grunt_orc_garden, grunt_orc_garden, uniq_urug

Skill      XL: |  1  2  3  4  5  6  7  8  9 10 11 12 13 14 |
---------------+-------------------------------------------+-----
Stealth        | 3 4 5 6 7 |  7.1
Spellcasting   | 4 5 6 7 9 10 12 14 15 16 | 16.8
Fighting       | 1 2 3 4 5 6 7 8 9 |  9.7
Conjurations   | 2 3 5 6 7 8 9 10 | 10.7
Hexes          | 1 2 3 4 6 7 8 10 11 | 11.0
Fire Magic     | 4 5 6 7 8 9 10 11 | 11.2
Translocations | 3 5 6 7 |  7.7
Staves         | 3 5 |  5.1
Evocations     | 1 4 5 7 |  7.3
Dodging        | 3 |  3.1

Action                   |  1- 3 |  4- 6 |  7- 9 | 10-12 | 13-15 || total
-------------------------+-------+-------+-------+-------+-------++-------
Melee: Dagger            |     9 |       |       |     5 |       ||    14
       Staff             |       |       |       |     3 |     4 ||     7
 Cast: Foxfire           |    70 |    59 |   204 |    74 |    39 ||   446
       Inner Flame       |       |     5 |    14 |     4 |       ||    23
       Conjure Flame     |       |     1 |    23 |     1 |       ||    25
       Slow              |       |     7 |     7 |     2 |     3 ||    19
       Sticky Flame      |       |       |     9 |    40 |    21 ||    70
       Fireball          |       |       |    13 |   145 |   220 ||   378
       Fulminant Prism   |       |       |     6 |    48 |    54 ||   108
       Iskenderun's Myst |       |       |       |    10 |    58 ||    68
  Use: Scroll            |       |       |    15 |     8 |     5 ||    28
       Potion            |       |       |       |       |     1 ||     1
Armor: Robe              |     8 |     5 |    28 |    41 |    57 ||   139
Dodge: Dodged            |    31 |    33 |    90 |   111 |   125 ||   390
Block: Other             |       |       |       |       |    13 ||    13
